 Dungeon Crawl Stone Soup version 0.31.0-32-g396128a36d (webtiles) character file.

Game seed: 14853081100734753613

3984 TacoSundae the Cleaver (level 10, -12/120 HPs)
             Began as a Barachi Berserker on Apr 19, 2024.
             Was an Elder of Trog.
             Mangled by a two-headed ogre
             ... wielding a +0 giant spiked club
              (21 damage)
             ... on level 9 of the Dungeon.
             The game lasted 00:18:10 (6614 turns).

TacoSundae the Cleaver (Barachi Berserker)          Turns: 6614, Time: 00:18:12

Health: -12/120    AC: 10    Str: 28    XL:     10   Next: 22%
Magic:  10/10      EV: 19    Int:  4    God:    Trog [****..]
Gold:   321        SH:  0    Dex: 16    Spells: 9/9 levels left

rFire   + . .        b - +6 shillelagh "Devastator" {shatter}
rCold   . . .        (no shield)
rNeg    . . .        k - +0 ring mail
rPois   .            (no helmet)
rElec   .            u - +0 cloak
rCorr   .            J - +0 pair of gloves
SInv    .            q - +0 pair of boots
Will    .....        (no amulet) Stlth
                     d - ring of Afa Onio {rF+ Str+6 Int-4 Dex+4}
HPRegen 0.40/turn    x - +5 ring of evasion
MPRegen 0.12/turn

%: no passive effects
@: berserking, very quick
A: amphibious, slowness 1, strong legs 1, +LOS
a: Hop, Renounce Religion, Berserk, Trog's Hand, Brothers in Arms


You were on level 9 of the Dungeon.
You worshipped Trog.
Trog was greatly pleased with you.
You visited 2 branches of the dungeon, and saw 10 of its levels.

You collected 365 gold pieces.
You spent 44 gold pieces at shops.

Inventory:

Hand Weapons
 a - a +0 hand axe
 b - the +6 shillelagh "Devastator" (weapon) {shatter}
   (You found it on level 3 of the Dungeon)
 g - a +3 whip of venom
Missiles
 e - 7 boomerangs
 A - 2 poisoned darts
 O - a throwing net
Armour
 k - a +0 ring mail (worn)
 q - a +0 pair of boots (worn)
 u - a +0 cloak (worn)
 J - a +0 pair of gloves (worn)
Jewellery
 d - the ring of Afa Onio (left hand) {rF+ Str+6 Int-4 Dex+4}
   (You acquired it on level 8 of the Dungeon)

   [ring of strength]

   Str+6:     It affects your strength (+6).
   Int-4:     It affects your intelligence (-4).
   Dex+4:     It affects your dexterity (+4).
   rF+:       It protects you from fire.
 t - an amulet of magic regeneration
 x - a +5 ring of evasion (right hand)
 N - a ring of protection from cold
Wands
 i - a wand of mindburst (7)
 C - a wand of paralysis (7)
 G - a wand of roots (25)
 H - a wand of flame (7)
 I - a wand of light (5)
Scrolls
 c - a scroll of identify
 m - a scroll of blinking {unknown}
 n - 2 scrolls of fog
Potions
 f - 7 potions of heal wounds
 h - a potion of ambrosia
 j - 8 potions of curing
 l - a potion of enlightenment
 s - 4 potions of lignification {unknown}
 v - 3 potions of attraction {unknown}
 z - a potion of berserk rage {unknown}
 B - 3 potions of cancellation {unknown}
 L - a potion of might {unknown}
 M - a potion of resistance {unknown}


   Skills:
 + Level 7.9 Fighting
 * Level 11.7 Axes
 + Level 7.4 Armour
 + Level 6.7 Dodging


You had 9 spell levels left.
You didn't know any spells.
Your spell library was empty.

Dungeon Overview and Level Annotations

Branches:
Dungeon (9/15)             Temple (1/1) D:4
   Lair: D:8-11         Orc: D:9-12

Altars:
Ashenzari
Cheibriados
Dithmenos
Elyvilon
Fedhas
Gozag
Hepliaklqana
Kikubaaqudgha
Makhleb
Nemelex Xobeh
Okawaru
Qazlal
Ru
Sif Muna
Trog
Uskayaw
Vehumet
Wu Jian
Xom
Yredelemnul
Zin
The Shining One

Shops:
D:3 [   D:4 =   D:5 :   D:7 ?

Annotations:
D:3 3 runed translucent doors, GiantSquids's ghost, amateur HOBe; asasucksnuts's ghost, amateur MiMo


Innate Abilities, Weirdness & Mutations

You are amphibious.
You cover ground slowly.
You can hop short distances.
You have an extended range of vision and can be seen from far away.


Message History

You kill the orc!
Trog accepts your kill.
A wraith comes into view.
The orc priest invokes the aid of Beogh against you.
Pain shoots through your body!
* * * LOW HITPOINT WARNING * * *
A wolf comes into view.
Items here: )) [[ †.
You thump the orc priest!
The orc priest and the wolf shudder.
You kill the orc priest!
Trog accepts your kill.
The wolf is moderately wounded.
The wolf closely misses you.
A two-headed ogre comes into view.
It is wielding a +0 giant spiked club and a +0 giant club.
The two-headed ogre shouts in stereo!
The wolf misses you. The wraith barely misses you.
Items here: )) [ ††.
Unknown command.
You sock the wolf!
The wolves shudder.
You kill the wolf!
Trog accepts your kill.
The wolf is severely wounded.
The wolf barely misses you. The wraith misses you.
Unknown command.
You thump the wolf!
The two-headed ogre shudders.
The two-headed ogre is moderately wounded.
You kill the wolf!
Trog accepts your kill.
You hear a howl!
You hit the wraith.
The two-headed ogre shudders.
The two-headed ogre is severely wounded.
The wraith is lightly damaged.
The wraith closely misses you.
You sock the wraith!
The two-headed ogre shudders.
The two-headed ogre is almost dead.
The wraith is heavily damaged.
A howler monkey comes into view.
The two-headed ogre misses you.
The two-headed ogre hits you with a +0 giant club!!
You die...

### ..#
#.# #.#
#.#
#######<#
#.....))#
#.####†@#
#OW#
....h
....###.
#.... ..
...... .#
#######
.# #


You could see a two-headed ogre, a wraith and a howler monkey.

Vanquished Creatures
  Joseph (D:8)
  Grinder (D:5)
  2 hornets
  Sigmund (D:7)
  Grum (D:9)
  Edmund (D:7)
  A water moccasin (D:5)
  2 ice beasts
  4 orc warriors
  A black bear (D:8)
  3 wolves (D:9)
  2 bullfrogs
  2 scorpions
  7 wights
  5 hounds
  A bombardier beetle (D:4)
  3 gnoll boudas
  3 jellies
  2 orc priests
  4 iguanas
  A sleepcap (D:5)
  Ijyb (D:5)
  2 orc wizards
  A mummy (D:6)
  2 adders
  21 gnolls
  4 shadow imps
  7 white imps
  5 ufetubi (D:8)
  A ribbon worm (D:3)
  A dart slug (D:1)
  21 orcs
  5 endoplasms
  4 giant cockroaches
  4 hobgoblins
  8 jackals (D:1)
  2 quokkas
  5 ball pythons
  5 bats
  A frilled lizard (D:2)
  15 goblins
  2 hobgoblin zombies (D:6)
  8 kobolds
  2 kobold zombies (D:6)
  6 rats
181 creatures vanquished.

Notes
Turn   | Place    | Note
-------+----------+-------------------------------------------
     0 | D:1      | TacoSundae the Barachi Berserker began the quest for the
                  | Orb.
     0 | D:1      | Reached XP level 1. HP: 18/18 MP: 1/1
    50 | D:1      | Reached XP level 2. HP: 21/24 MP: 2/2
    54 | D:1      | Reached skill level 4 in Axes
   290 | D:1      | Reached ** piety under Trog
   294 | D:1      | Reached XP level 3. HP: 27/29 MP: 3/3
   826 | D:2      | Found a stormy altar of Qazlal.
   867 | D:2      | Reached skill level 5 in Axes
  1045 | D:2      | Reached XP level 4. HP: 34/36 MP: 4/4
  1104 | D:2      | Found a faded altar of an unknown god.
  1484 | D:3      | Found the +6 shillelagh "Devastator" {shatter}
  1516 | D:3      | Found an iron altar of Okawaru.
  1627 | D:3      | Found Xucrur's Armour Shoppe.
  1742 | D:3      | Found a runed translucent gate.
  1742 | D:3      | Found a runed translucent gate.
  1743 | D:3      | Found a runed translucent gate.
  1744 | D:3      | Noticed GiantSquids's ghost (amateur HOBe)
  1744 | D:3      | Noticed asasucksnuts's ghost (amateur MiMo)
  1955 | D:3      | Found a hide-covered altar of Uskayaw.
  1980 | D:3      | Reached skill level 6 in Axes
  2167 | D:3      | Found a basalt altar of Yredelemnul.
  2265 | D:4      | Reached XP level 5. HP: 41/41 MP: 5/5
  2268 | D:4      | Reached *** piety under Trog
  2384 | D:4      | Found a glowing golden altar of the Shining One.
  2384 | D:4      | Found a glowing silver altar of Zin.
  2384 | D:4      | Found a white marble altar of Elyvilon.
  2395 | D:4      | Found Gicexov's Jewellery Boutique.
  2684 | D:4      | Found a staircase to the Ecumenical Temple.
  2695 | Temple   | Entered the Ecumenical Temple
  2730 | D:4      | Reached skill level 7 in Axes
  2730 | D:4      | Reached XP level 6. HP: 45/47 MP: 6/6
  2980 | D:5      | Entered Level 5 of the Dungeon
  2980 | D:5      | Found a burning altar of Makhleb.
  3052 | D:5      | Found Ypoun's Book Shop.
  3180 | D:5      | Noticed Ijyb
  3201 | D:5      | Killed Ijyb
  3255 | D:5      | Reached XP level 7. HP: 54/54 MP: 7/7
  3299 | D:5      | Noticed Grinder
  3314 | D:5      | Reached skill level 8 in Axes
  3316 | D:5      | Paralysed by Grinder for 3 turns
  3322 | D:5      | Killed Grinder
  3741 | D:5      | Reached skill level 5 in Fighting
  3741 | D:5      | Reached XP level 8. HP: 62/62 MP: 8/8
  3928 | D:6      | Reached skill level 9 in Axes
  4169 | D:6      | Found a stormy altar of Qazlal.
  4297 | D:6      | Reached skill level 5 in Armour
  4605 | D:7      | Reached **** piety under Trog
  4659 | D:7      | Found Suomaiqi's Magic Scroll Shop.
  4667 | D:7      | Noticed a hornet
  4672 | D:7      | Paralysed by a hornet for 2 turns
  4674 | D:7      | Killed a hornet
  4675 | D:7      | Reached skill level 10 in Axes
  4675 | D:7      | Reached skill level 5 in Dodging
  4675 | D:7      | Reached XP level 9. HP: 69/69 MP: 9/9
  4763 | D:7      | Bought a scroll of identify for 22 gold pieces
  4763 | D:7      | Bought a scroll of identify for 22 gold pieces
  4950 | D:7      | Noticed Edmund
  4962 | D:7      | Killed Edmund
  5175 | D:7      | Found a sparkling altar of Nemelex Xobeh.
  5518 | D:7      | Noticed Sigmund
  5523 | D:7      | Killed Sigmund
  5625 | D:8      | Identified a scroll of acquirement
  5625 | D:8      | Acquired the ring of Afa Onio {rF+ Str+6 Int-4 Dex+4}
  5734 | D:8      | Noticed a hornet
  5741 | D:8      | Killed a hornet
  5777 | D:8      | Reached skill level 11 in Axes
  6361 | D:8      | Noticed Joseph
  6367 | D:8      | Killed Joseph
  6368 | D:8      | Reached XP level 10. HP: 57/80 MP: 10/10
  6598 | D:9      | Noticed Grum
  6606 | D:9      | Killed Grum
  6610 | D:9      | Noticed a two-headed ogre
  6614 | D:9      | Mangled by a two-headed ogre

Illustrated notes

Levels and vault maps discovered:
D:1:      dpeg_arrival_leaves_temple_mockup, layout_basic, minmay_pentomino_v4
D:2:      minmay_door_path, layout_basic, ebering_ecumenical_altar_abandoned,
          basic_altar
D:3:      layout_basic, nicolae_uskayaw_murder_on_the_dancefloor,
          mainiacjoe_overflow_swirl, gammafunk_ghost_cemetery, serial_shops,
          shop, minmay_misc_feat_nine_boxes
D:4:      layout_loops_ring, dreamdust_divine_triumvirate,
          minmay_temple_entry_overgrown, minmay_shop_enchanted_jewellery
D:5:      layout_gridville, bloody_makhleb, serial_shops, shop, uniq_grinder,
          uniq_ijyb
D:6:      layout_rooms, grunt_qazlal_clouds, minmay_mini_ossuary
D:7:      layout_basic, nemelex_xobeh_ov_fountains_minmay, serial_shops, shop,
          sigmund_edmund_badplayer
D:8:      layout_gridville, serial_demonic, serial_demonic_c, serial_demonic_a,
          serial_demonic_d, serial_demonic_c, serial_demonic_d,
          serial_demonic_c, serial_demonic_g, serial_demonic_g, uniq_joseph
D:9:      layout_loops_ring, minmay_misc_feat_plants, uniq_maggie, uniq_grum,
          uniq_harold
Temple:   oiseaux_autumnal_temple

Skill      XL: |  1  2  3  4  5  6  7  8  9 |
---------------+----------------------------+-----
Axes           | 4 5 6 7 8 10 11 | 11.7
Fighting       | 4 5 6 7 |  7.9
Armour         | 3 4 5 7 |  7.4
Dodging        | 3 5 6 |  6.7

Action                     |  1- 3 |  4- 6 |  7- 9 | 10-12 || total
---------------------------+-------+-------+-------+-------++-------
  Melee: Hand axe          |   130 |    29 |       |       ||   159
         Punch             |     3 |     1 |     3 |       ||     7
         Shillelagh        |       |    54 |   153 |    13 ||   220
  Throw: Boomerang         |     4 |       |       |       ||     4
 Invoke: Berserk           |     1 |       |     2 |     1 ||     4
    Use: Scroll            |       |       |    16 |       ||    16
 Armour: Animal skin       |    21 |       |       |       ||    21
         Ring mail         |    44 |    31 |    75 |    10 ||   160
  Dodge: Dodged            |    68 |    50 |   117 |    18 ||   253
